 Dungeon Crawl Stone Soup version 0.26-a0-752-gcff87cac9a (console) character file.

Game seed: 387753094773695322

88 Ignak the Sneak (level 4, -3/32 HPs)
             Began as a Gnoll Enchanter on Nov 6, 2020.
             Slain by Natasha (8 damage)
             ... on level 2 of the Dungeon.
             The game lasted 00:05:09 (1904 turns).

Ignak the Sneak (Gnoll Enchanter)                   Turns: 1904, Time: 00:05:09

Health: -3/32      AC:  2    Str: 11    XL:     4   Next: 54%
Magic:  1/11       EV: 15    Int: 17    God:
Gold:   161        SH:  0    Dex: 16    Spells: 1/13 levels left

rFire    . . .     SeeInvis .   a - +1 dagger
rCold    . . .     Faith    .   (no shield)
rNeg     . . .     Spirit   .   b - +0 robe
rPois    +         Reflect  .   (helmet currently unavailable)
rElec    .         Harm     .   (no cloak)
rCorr    .         Rampage  .   (no gloves)
MR       .....                  (boots currently unavailable)
Stlth    +++.......             n - amulet of the acrobat
HPRegen  0.10/turn              m - ring of poison resistance
MPRegen  0.12/turn              (no ring)

@: appendages, very slightly contaminated
A: distributed training, fangs 1, horns 2, talons 2, strong nose
a: End Transformation


You were on level 2 of the Dungeon.
You had grown temporary horns.
You had grown temporary talons.
You visited 1 branch of the dungeon, and saw 2 of its levels.

You collected 161 gold pieces.

Inventory:

Hand Weapons
 a - a +1 dagger (weapon)
Missiles
 q - 3 atropa-tipped darts (quivered)
Armour
 b - a +0 robe (worn)
 j - a +0 helmet (melded)
Jewellery
 m - a ring of poison resistance (left hand)
 n - an amulet of the acrobat (around neck)
 p - an uncursed ring of teleportation
Wands
 f - a wand of acid (5)
Scrolls
 e - a scroll of remove curse
 g - a scroll of identify
 h - a scroll of blinking {unknown}
 l - a scroll of magic mapping {unknown}
 o - 2 scrolls of teleportation {unknown}
Potions
 c - 2 potions of curing
 d - a potion of haste {unknown}
 i - a potion of brilliance {unknown}


   Skills:
 + Level 1.2 Fighting
 + Level 2.8 Short Blades
 + Level 1.2 Long Blades
 + Level 1.2 Axes
 + Level 1.2 Maces & Flails
 + Level 1.2 Polearms
 + Level 1.2 Staves
 + Level 1.2 Slings
 + Level 1.2 Bows
 + Level 1.2 Crossbows
 + Level 1.2 Throwing
 + Level 1.2 Armour
 + Level 4.6 Dodging
 + Level 6.0 Stealth
 + Level 1.2 Shields
 + Level 1.2 Unarmed Combat
 + Level 5.1 Spellcasting
 + Level 1.0 Conjurations
 + Level 5.5 Hexes
 + Level 1.0 Summonings
 + Level 1.0 Necromancy
 + Level 1.0 Translocations
 + Level 1.0 Transmutations
 + Level 1.0 Fire Magic
 + Level 1.0 Ice Magic
 + Level 1.0 Air Magic
 + Level 1.0 Earth Magic
 + Level 1.0 Poison Magic
 + Level 1.3 Invocations
 + Level 1.2 Evocations


You had one spell level left.
You knew the following spells:

 Your Spells              Type           Power        Failure   Level
a - Confusing Touch       Hex            ###.....     4%          3
b - Corona                Hex            ###....      1%          1
c - Ensorcelled Hibernat  Hex/Ice        ###...       5%          2
d - Tukima's Dance        Hex            ###.....     4%          3
e - Wereblood             Tmut           #.......     14%         2
z - Beastly Appendage     Tmut           #.....       10%         1

Your spell library contained the following spells:

 Spells                   Type           Power        Failure   Level
 Dazzling Flash           Conj/Hex       ###...       11%         3
 Spider Form              Tmut/Pois      #.........   28%         3
 Ice Form                 Ice/Tmut       #.......     67%         4
 Blade Hands              Tmut           #.........   95%         5


Dungeon Overview and Level Annotations

Branches:
Dungeon (2/15)

Altars:

Annotations:
D:2 Natasha


Innate Abilities, Weirdness & Mutations

Your experience applies equally to all skills.
You have very sharp teeth.
Your uncanny sense of smell can sniff out nearby items.
You have a pair of horns on your head.
You have razor-sharp toenails.


Message History

Casting: Ensorcelled Hibernation (safe; 5% risk of failure)
Confirm with . or Enter, or press ? or * to list all spells.
You don't have enough magic to cast that spell.
Unknown command.
You barely miss Natasha. The shadow imp misses you. Natasha closely misses you.
Casting: Ensorcelled Hibernation (safe; 5% risk of failure)
Confirm with . or Enter, or press ? or * to list all spells.
You grow a pair of large bovine horns.
Your feet morph into talons.
Your +0 helmet melds into your body.
The white imp hits you. The white imp freezes you. Natasha barely misses you.
Unknown command.
You barely miss Natasha. The white imp hits you. The white imp freezes you.
Natasha claws you!
* * * LOW HITPOINT WARNING * * *
You hit Natasha.
Natasha is moderately wounded.
The white imp misses you.
The crimson imp hits you but does no damage.
Natasha claws you!
You die...

####...#...........#####....
#####...######'###### ##...
#...'..........# #.(. ..
##.###...############ #... .#
#....#..÷######.....########## .#
#........'.................... .#
#.#.##...###.5........######## .#
#........'..#h5'#.....# .#
###.##...####@..#.....#
.#+###.#########5..#.....#
...............#...#...##########
.....###########...#...##........
...............#...#....'........
.....###########.†.#...##........
.....# #...#...<#........ .....#
#########≈.§#############. .....#
#.......≈≈.≈≈.......#.....


You could see Natasha, a crimson imp (summoned), a white imp (summoned) and a
shadow imp (summoned).

Vanquished Creatures
  Natasha (twice) (D:2)
  A gnoll (D:1)
  2 worms (D:2)
  2 bats
  A giant cockroach (D:1)
  7 goblins
  2 hobgoblins
  3 kobolds (D:1)
  4 frilled lizards (D:2)
  A rat (D:2)
25 creatures vanquished.

Vanquished Creatures (others)
  4 toadstools (D:1)
4 creatures vanquished.

Grand Total: 29 creatures vanquished

Notes
Turn   | Place    | Note
-------+----------+-------------------------------------------
     0 | D:1      | Ignak the Gnoll Enchanter began the quest for the Orb.
     0 | D:1      | Reached XP level 1. HP: 13/13 MP: 6/6
   720 | D:1      | Reached XP level 2. HP: 19/19 MP: 7/7
   726 | D:1      | Learned a level 2 spell: Ensorcelled Hibernation
  1037 | D:2      | Reached XP level 3. HP: 25/25 MP: 9/9
  1075 | D:2      | Learned a level 3 spell: Confusing Touch
  1119 | D:2      | Reached skill level 5 in Spellcasting
  1258 | D:2      | Reached skill level 6 in Stealth
  1559 | D:2      | Reached skill level 1 in Invocations
  1650 | D:2      | Learned a level 1 spell: Beastly Appendage
  1654 | D:2      | Learned a level 3 spell: Tukima's Dance
  1657 | D:2      | Learned a level 2 spell: Wereblood
  1692 | D:2      | Noticed Natasha
  1720 | D:2      | Killed Natasha
  1720 | D:2      | Reached skill level 1 in Fighting
  1720 | D:2      | Reached skill level 1 in Long Blades
  1720 | D:2      | Reached skill level 1 in Axes
  1720 | D:2      | Reached skill level 1 in Maces & Flails
  1720 | D:2      | Reached skill level 1 in Polearms
  1720 | D:2      | Reached skill level 1 in Staves
  1720 | D:2      | Reached skill level 1 in Slings
  1720 | D:2      | Reached skill level 1 in Bows
  1720 | D:2      | Reached skill level 1 in Crossbows
  1720 | D:2      | Reached skill level 1 in Throwing
  1720 | D:2      | Reached skill level 1 in Armour
  1720 | D:2      | Reached skill level 1 in Shields
  1720 | D:2      | Reached skill level 1 in Unarmed Combat
  1720 | D:2      | Reached skill level 1 in Evocations
  1720 | D:2      | Reached XP level 4. HP: 32/32 MP: 6/11
  1854 | D:2      | Noticed Natasha
  1859 | D:2      | Killed Natasha
  1859 | D:2      | Reached skill level 1 in Conjurations
  1859 | D:2      | Reached skill level 1 in Summonings
  1859 | D:2      | Reached skill level 1 in Necromancy
  1859 | D:2      | Reached skill level 1 in Translocations
  1859 | D:2      | Reached skill level 1 in Transmutations
  1859 | D:2      | Reached skill level 1 in Fire Magic
  1859 | D:2      | Reached skill level 1 in Ice Magic
  1859 | D:2      | Reached skill level 1 in Air Magic
  1859 | D:2      | Reached skill level 1 in Earth Magic
  1859 | D:2      | Reached skill level 1 in Poison Magic
  1892 | D:2      | Noticed Natasha
  1904 | D:2      | Slain by Natasha

Illustrated notes

Levels and vault maps discovered:
D:1:      lightli_arrival_windingriver, layout_basic, minmay_gold_behind_fungi
D:2:      layout_basic, kennysheep_cross_bottleneck, uniq_natasha

Skill      XL: |  1  2  3  4 |
---------------+-------------+-----
Spellcasting   | 5 |  5.1
Stealth        | 6 |  6.0
Invocations    | 1 |  1.3
Fighting       | 1 |  1.2
Long Blades    | 1 |  1.2
Axes           | 1 |  1.2
Maces & Flails | 1 |  1.2
Polearms       | 1 |  1.2
Staves         | 1 |  1.2
Slings         | 1 |  1.2
Bows           | 1 |  1.2
Crossbows      | 1 |  1.2
Throwing       | 1 |  1.2
Armour         | 1 |  1.2
Shields        | 1 |  1.2
Unarmed Combat | 1 |  1.2
Evocations     | 1 |  1.2
Conjurations   | 1 |  1.0
Summonings     | 1 |  1.0
Necromancy     | 1 |  1.0
Translocations | 1 |  1.0
Transmutations | 1 |  1.0
Fire Magic     | 1 |  1.0
Ice Magic      | 1 |  1.0
Air Magic      | 1 |  1.0
Earth Magic    | 1 |  1.0
Poison Magic   | 1 |  1.0
Short Blades   | |  2.8
Dodging        | |  4.6
Hexes          | |  5.5

Action                   |  1- 3 |  4- 6 || total
-------------------------+-------+-------++-------
Melee: Dagger            |    72 |     4 ||    76
       Bite              |     6 |       ||     6
       Kick              |     3 |       ||     3
Throw: Dart              |     7 |       ||     7
 Cast: Corona            |     1 |       ||     1
       Ensorcelled Hiber |     4 |     6 ||    10
       Beastly Appendage |     2 |     1 ||     3
  Use: Potion            |     3 |       ||     3
       Scroll            |     2 |     1 ||     3
 Stab: Sleeping          |     8 |     1 ||     9
Armor: Robe              |    10 |     1 ||    11
Dodge: Dodged            |    51 |     8 ||    59

Table legend: (Time is in decaauts)
 A = Elapsed time spent in this place.
 B = Non-inter-level travel time spent in this place.
 C = Inter-level travel time spent in this place.
 D = Time resting spent in this place.
 E = Time spent auto-exploring this place.
 F = Levels seen in this place.
 G = Mean time per level.
                   A        B        C        D        E       F      G
               +--------+--------+--------+--------+--------+-----+--------+
         Total |   1893 |   1893 |      0 |    308 |   1027 |   2 |  946.5 |
       Dungeon |   1893 |   1893 |      0 |    308 |   1027 |   2 |  946.5 |
               +--------+--------+--------+--------+--------+-----+--------+

Top non-repeatable levels by time:
     D:1: 1002 daAuts
     D:2: 890 daAuts
